 Dungeon Crawl Stone Soup version 0.18.1-48-g4cf74bf (webtiles) character file.

3521 HEYYEYAAE the Chiller (level 9, -6/111 HPs)
             Began as a Grey Draconian Ice Elementalist on Sept 2, 2016.
             Was an Elder of Okawaru.
             Killed from afar by an efreet (8 damage)
             ... with a bolt of fire
             ... on level 9 of the Dungeon.
             The game lasted 00:14:30 (8428 turns).

HEYYEYAAE the Chiller (DrIE)                        Turns: 8428, Time: 00:14:31

Health: -6/111     AC: 24    Str:  9 (10) XL:     9   Next: 81%
Magic:  10/28      EV:  2    Int: 17 (18) God:    Okawaru [****..]
Gold:   86         SH:  0    Dex: 12 (13) Spells: 3 memorised, 13 levels left

rFire  + . .     SeeInvis .     t - +2 quarterstaff (chaos)
rCold  + . .     Gourm    .     (armour unavailable)
rNeg   + + +     Faith    .     (shield currently unavailable)
rPois  +         Spirit   .     (helmet currently unavailable)
rElec  +         Dismiss  .     (cloak currently unavailable)
rCorr  +         Reflect  .     (gloves currently unavailable)
SustAt +         Harm     .     (boots currently unavailable)
MR     .....     NoTele   +     (no amulet)
Stlth  ++........               h - ring of sustain attributes
                                B - ring of magical power

@: tree-form, resistant, very slightly contaminated, not resistant to hostile
enchantments, unstealthy
A: (walk through water), unfitting armour, (stinger 0), (electricity
resistance), (unbreathing), evolution 1, (cold-blooded), AC +12
a: Heroism, Renounce Religion


You were on level 9 of the Dungeon.
You worshipped Okawaru.
Okawaru was greatly pleased with you.
You were near starving.
You were a tree.
You visited 1 branch of the dungeon, and saw 9 of its levels.

You collected 396 gold pieces.
You spent 310 gold pieces at shops.

Inventory:

Hand Weapons
 e - a +4 whip
 t - a +2 quarterstaff of chaos (weapon)
Armour
 u - a +0 cloak (melded)
 w - the cursed -1 hat of the Moon (melded) {MP+9}
   (You bought it in a shop on level 6 of the Dungeon)

   It affects your magic capacity (+9).
   It has a curse placed upon it.
 C - a cursed +0 pair of boots (melded)
Magical Staves
 n - an uncursed staff of summoning
 D - an uncursed staff of fire {unknown}
Jewellery
 c - an uncursed ring of flight
 h - a ring of sustain attributes (right branch)
 B - a ring of magical power (left branch)
Wands
 m - a wand of flame (0/48)
 s - a wand of disintegration (3/24)
 v - a wand of random effects (26/48)
Scrolls
 d - 4 scrolls of remove curse
 j - 2 scrolls of noise
 p - 2 scrolls of fog
 r - 2 scrolls of amnesia
 y - a scroll of enchant weapon {unknown}
 F - a scroll of blinking {unknown}
Potions
 g - 3 potions of brilliance
 i - a potion of degeneration
 l - a potion of flight
 q - a potion of resistance
Books
 a - a book of Frost

   Spells                             Type                      Level
   a - Freeze                         Ice                          1
   b - Throw Frost                    Conjuration/Ice              2
   c - Ozocubu's Armour               Charms/Ice                   3
   d - Throw Icicle                   Conjuration/Ice              4
   e - Summon Ice Beast               Ice/Summoning                4
 G - a Necronomicon

   Spells                             Type                      Level
   a - Haunt                          Necromancy/Summoning         7
   b - Borgnjor's Revivification      Necromancy                   8
   c - Death's Door                   Charms/Necromancy            8
   d - Necromutation                  Transmutation/Necromancy     8
Comestibles
 b - 6 bread rations
 f - a meat ration
 o - 6 fruits
 x - 2 beef jerkies
 H - 8 slices of pizza


   Skills:
 + Level 5.3 Fighting
 + Level 4.6 Staves
 + Level 4.8 Dodging
 - Level 1.7 Stealth
 * Level 7.0 Spellcasting
 - Level 1.0 Conjurations
 * Level 7.8 Ice Magic
 + Level 4.0 Evocations


You had 13 spell levels left.
You knew the following spells:

 Your Spells              Type           Power        Failure   Level  Hunger
a - Freeze                Ice            ####         1%          1    None
b - Throw Icicle          Conj/Ice       ###.....     21%         4    ####...
c - Summon Ice Beast      Ice/Summ       ###.....     24%         4    ####...


Dungeon Overview and Level Annotations

Branches:
Dungeon (9/15)             Temple (0/1) D:4
   Lair: D:8-11         Orc: D:9-12

Altars:
Cheibriados
Dithmenos
Fedhas
Gozag
Kikubaaqudgha
Makhleb
Okawaru
Pakellas
Ru
Sif Muna
Vehumet
Xom
Yredelemnul
Zin
The Shining One

Shops:
D:4 }   D:6 [

Annotations:
D:8 Maurice


Innate Abilities, Weirdness & Mutations

((You can walk through water.))
((Your dull iron-grey scales are very hard (AC +12).))
Your body does not fit into most forms of armour.
((You can survive without breathing.))
((You are cold-blooded and may be slowed by cold attacks.))
((Your tail ends in a poisonous barb.))
((You are resistant to electric shocks.))
You evolve.


Message History

The efreet hits you but does no damage.
Unknown command.
Casting: Summon Ice Beast
Confirm with . or Enter, or press ? or * to list all spells.
Aiming: Throw Icicle
Press: ? - help, Shift-Dir - straight line, f - efreet
Aim: an efreet, wielding a scimitar of flaming (severely wounded)
The shard of ice hits the efreet.
The efreet is frozen!
The efreet is almost dead.
The efreet hits you but does no damage.
Unknown command.
Casting: Throw Icicle
Confirm with . or Enter, or press ? or * to list all spells.
Aiming: Throw Icicle
Press: ? - help, Shift-Dir - straight line, f/p - efreet
Aim: an efreet, wielding a scimitar of flaming (almost dead)
You miscast Throw Icicle.
Nothing appears to happen.
The efreet gestures at you. The bolt of fire hits you! You resist.
You die...

#..# #..# #..#
#..# ### #..#
#.# #(.# .#
#.# #(.# .#
#.# #..# .#
#.# #.♣### .#
#.# #.R§§# .#
#.# #..§.# ##
.# #.#
#..#§##l##.##.
.# #.#
#..#.'§{o.....
.# #.#
#..####§##.##$
.# #.# #†.# ##
.########.#
#..#
......(...#
#..#


You could see an efreet.

Vanquished Creatures
  The ghost of HEYYEYAAE the Chiller, a novice DrIE (D:4)
  A human (D:9)
  Menkaure (D:4)
  A porcupine (D:5)
  2 orc warriors
  A necrophage (D:9)
  A sky beast (D:9)
  2 ice beasts
  A black bear (D:7)
  2 phantoms
  2 centaurs (D:5)
  3 ogres
  A big kobold (D:7)
  A wasp zombie (D:9)
  2 crimson imps
  5 jellies
  A hound (D:3)
  2 giant frog skeletons
  Crazy Yiuf (D:4)
  A centaur skeleton (D:8)
  2 orc priests (D:6)
  3 iron imps (D:7)
  Jessica (D:3)
  3 iguanas
  2 orc wizards
  4 worker ants
  3 hound skeletons
  9 adders
  7 gnolls
  A shadow imp (D:9)
  An adder skeleton (D:5)
  A worm (D:2)
  4 dart slugs
  3 giant geckos
  40 orcs
  2 giant cockroaches
  7 goblins
  10 hobgoblins
  15 jackals
  3 quokkas
  12 bats
  A giant gecko skeleton (D:9)
  4 giant newts
  A jackal skeleton (D:4)
  4 kobolds
  9 rats
184 creatures vanquished.

Vanquished Creatures (collateral kills)
  A phantom (D:7)
  2 orc warriors
  A sky beast (D:6)
  A giant frog (D:7)
  A giant frog zombie (D:7)
  2 orc wizards (D:6)
  8 orcs
  5 kobolds (D:7)
21 creatures vanquished.

Vanquished Creatures (others)
  A hydra (D:4)
  A goblin (D:1)
2 creatures vanquished.

Grand Total: 207 creatures vanquished

Notes
Turn   | Place    | Note
--------------------------------------------------------------
     0 | D:1      | HEYYEYAAE the Draconian Ice Elementalist began the quest for the Orb.
     0 | D:1      | Reached XP level 1. HP: 14/14 MP: 3/3
   487 | D:1      | Reached XP level 2. HP: 10/22 MP: 1/5
   618 | D:1      | Reached skill level 1 in Fighting
  1179 | D:2      | Reached XP level 3. HP: 21/28 MP: 0/7
  1967 | D:3      | Reached XP level 4. HP: 3/36 MP: 3/8
  2781 | D:3      | Found a blossoming altar of Fedhas.
  2794 | D:3      | Reached XP level 5. HP: 18/41 MP: 6/9
  2981 | D:3      | Reached skill level 1 in Staves
  3014 | D:3      | Noticed Jessica
  3019 | D:3      | Reached skill level 1 in Evocations
  3025 | D:3      | Killed Jessica
  3043 | D:3      | Found an iron altar of Okawaru.
  3055 | D:3      | Became a worshipper of Warmaster Okawaru
  3070 | D:3      | Found a glowing silver altar of Zin.
  3528 | D:4      | Found Qabboir's Gadget Shoppe.
  3536 | D:4      | Reached XP level 6. HP: 48/48 MP: 11/11
  3942 | D:4      | Noticed Menkaure
  3954 | D:4      | Killed Menkaure
  4144 | D:4      | Found a basalt altar of Yredelemnul.
  4171 | D:4      | Reached * piety under Okawaru
  4171 | D:4      | Your scales start taking on a dull iron-grey colour.
  4171 | D:4      | Reached XP level 7. HP: 53/56 MP: 7/13
  4171 | D:4      | Gained mutation: You can survive without breathing. [Grey Draconian growth]
  4230 | D:4      | Found an opulent altar of Gozag.
  4294 | D:4      | Found a staircase to the Ecumenical Temple.
  4294 | D:4      | Noticed HEYYEYAAE's ghost (novice DrIE)
  4321 | D:4      | Killed HEYYEYAAE's ghost
  4321 | D:4      | Reached skill level 5 in Ice Magic
  4514 | D:4      | Noticed Crazy Yiuf
  4526 | D:4      | Killed Crazy Yiuf
  4764 | D:4      | Found an oddly glowing altar of Pakellas.
  4764 | D:4      | Noticed an eight-headed hydra
  4771 | D:4      | Killed an eight-headed hydra
  4934 | D:5      | Entered Level 5 of the Dungeon
  5126 | D:5      | Reached XP level 8. HP: 49/63 MP: 13/15
  5358 | D:5      | Learned a level 4 spell: Throw Icicle
  5363 | D:5      | Learned a level 4 spell: Summon Ice Beast
  5403 | D:5      | Reached skill level 5 in Spellcasting
  5635 | D:5      | Reached ** piety under Okawaru
  5640 | D:5      | Found a glowing golden altar of the Shining One.
  5729 | D:5      | Found a sacrificial altar of Ru.
  5750 | D:5      | Found a radiant altar of Vehumet.
  5763 | D:5      | Found an ancient bone altar of Kikubaaqudgha.
  5769 | D:5      | Found a glowing golden altar of the Shining One.
  5772 | D:5      | Found a snail-covered altar of Cheibriados.
  5920 | D:5      | Found an opulent altar of Gozag.
  6011 | D:6      | Found Heesie's Antique Armour Emporium.
  6027 | D:6      | Bought a brightly glowing hat for 207 gold pieces
  6032 | D:6      | Identified the cursed -1 hat of the Moon {MP+9} (You bought it in a shop on level 6 of the Dungeon)
  6205 | D:6      | Found a deep blue altar of Sif Muna.
  6427 | D:6      | Reached XP level 9. HP: 32/72 MP: 16/17
  6687 | D:6      | Reached *** piety under Okawaru
  6798 | D:7      | Found a shadowy altar of Dithmenos.
  6961 | D:6      | Bought a pair of embroidered boots for 103 gold pieces
  7083 | D:7      | Found a burning altar of Makhleb.
  7450 | D:7      | Found a shimmering altar of Xom.
  7676 | D:8      | Reached **** piety under Okawaru
  7676 | D:8      | Reached skill level 5 in Fighting
  7677 | D:8      | Noticed Maurice
  8408 | D:9      | Noticed an efreet
  8413 | D:9      | HP: 3/74 [efreet/fireball (9)]
  8419 | D:9      | Gained mutation: You evolve. [potion of mutation]
  8419 | D:9      | Gained mutation: You are resistant to electric shocks. [potion of mutation]
  8419 | D:9      | Gained mutation: Your tail ends in a poisonous barb. [potion of mutation]
  8425 | D:9      | HP: 1/111 [efreet/fireball (5)]
  8428 | D:9      | Killed from afar by an efreet

Skill      XL: |  1  2  3  4  5  6  7  8  9 |
---------------+----------------------------+-----
Fighting       | 1 2 3 4 5 |  5.3
Dodging        | 2 3 4 |  4.8
Spellcasting   | 3 4 5 7 |  7.0
Staves         | 1 2 3 4 |  4.6
Ice Magic      | 4 5 6 7 |  7.8
Evocations     | 1 2 3 4 |  4.0
Stealth        | |  1.7
Conjurations   | |  1.0

Action                   |  1- 3 |  4- 6 |  7- 9 || total
-------------------------+-------+-------+-------++-------
Melee: Unarmed           |   225 |       |       ||   225
       Tailslap          |    18 |    17 |    33 ||    68
       Staff             |    19 |    32 |       ||    51
       Whip              |       |   100 |     8 ||   108
       Quarterstaff      |       |       |   308 ||   308
 Cast: Freeze            |    40 |    43 |    34 ||   117
       Summon Ice Beast  |       |       |    16 ||    16
       Throw Icicle      |       |       |    12 ||    12
Evoke: Wand              |       |     4 |    22 ||    26
  Use: Potion            |       |     1 |    10 ||    11
       Scroll            |       |     5 |     6 ||    11
 Stab: Sleeping          |     2 |       |     1 ||     3
       Distracted        |       |       |     1 ||     1
       Confused          |       |       |     1 ||     1
       Paralysed         |       |       |     8 ||     8
  Eat: Chunk             |     4 |     6 |    17 ||    27
       Fruit             |       |       |     1 ||     1
       Beef jerky        |       |       |     1 ||     1
Armor: Skin              |   124 |    67 |   185 ||   376
Dodge: Dodged            |   245 |   128 |   275 ||   648
